 Dungeon Crawl Stone Soup version 0.24.0-10-g970556be89 (webtiles) character file.

Game seed: 14448221661286527725, levelgen mode: deterministic

23098 Arum the Fighter (level 13, -5/109 HPs)
             Began as a Formicid Fighter on Nov 4, 2019.
             Was a Priest of Cheibriados.
             Slain by a freezing wraith (9 damage)
             ... led by a death knight
             ... on level 13 of the Dungeon.
             The game lasted 00:30:27 (13716 turns).

Arum the Fighter (Formicid Fighter)                Turns: 13716, Time: 00:30:29

Health: -5/109     AC: 16    Str: 37    XL:     13   Next: 32%
Magic:  27/29      EV: 15    Int: 21    God:    Cheibriados [***...]
Gold:   763        SH: 16    Dex: 23    Spells: 12/12 levels left

rFire    + + .     SeeInvis +   a - +1 quarterstaff
rCold    + + .     Gourm    .   c - +1 shield
rNeg     . . .     Faith    .   g - +2 scale mail {rPois}
rPois    +         Spirit   .   (helmet unavailable)
rElec    +         Reflect  .   r - scarf {rC+ rF+}
rCorr    +         Harm     .   p - +3 pair of gloves of Indomitability {Int+3 Stlth+}
MR       +....                  C - +0 pair of boots
Stlth    +++.......             (no amulet)
HPRegen  0.28/turn              A - ring of magical power
MPRegen  0.21/turn              (no ring)

@: mighty, agile, resistant, very slow
A: permanent stasis, dig shafts and tunnels, four strong arms, antennae 3
a: Dig, Shaft Self, Bend Time, Temporal Distortion, Renounce Religion


You were on level 13 of the Dungeon.
You worshipped Cheibriados.
Cheibriados was most pleased with you.
You were hungry.

You visited 2 branches of the dungeon, and saw 14 of its levels.

You collected 763 gold pieces.

Inventory:

Hand Weapons
 a - a +1 quarterstaff (weapon)
Missiles
 q - 7 throwing nets (quivered)
 I - 7 javelins
Armour
 c - a +1 shield (worn)
 d - the +6 chain mail "Eddaad" {+Blink Regen+ Str-3 Int-5}
   (You took it off an orc on level 3 of the Dungeon)

   It affects your strength (-3).
   It affects your intelligence (-5).
   It lets you blink.
   It increases your rate of regeneration.
 g - a +2 scale mail of poison resistance (worn)
 p - the +3 pair of gloves of Indomitability (worn) {Int+3 Stlth+}
   (You found it on level 3 of the Dungeon)

   It affects your intelligence (+3).
   It makes you more stealthy.
 r - a scarf of resistance (worn)
 C - a +0 pair of boots (worn)
 F - the +4 skin of Zhor {Hibernate rC+++ SInv}
   (You found it on level 8 of the Dungeon)

   It renders you almost immune to cold.
   It lets you see invisible.
Magical Staves
 t - an uncursed staff of wizardry
Jewellery
 A - a ring of magical power (left hand)
Wands
 o - a wand of flame (18)
 y - a wand of iceblast (20)
 J - a wand of paralysis (3)
Scrolls
 b - 8 scrolls of remove curse
 k - a scroll of enchant armour
 s - 2 scrolls of fog
 v - 3 scrolls of identify
 E - 2 scrolls of enchant weapon
Potions
 h - 2 potions of magic
 j - 4 potions of brilliance
 m - 2 potions of mutation {unknown}
 n - 6 potions of flight
 w - 3 potions of might
 B - a potion of agility
 H - 2 potions of ambrosia {unknown}
Comestibles
 f - 28 rations


   Skills:
 + Level 12.6 Fighting
 + Level 11.5 Staves
 + Level 10.3 Armour
 - Level 10.2 Shields
 + Level 9.6 Invocations


You had 12 spell levels left.
You didn't know any spells.
Your spell library contained the following spells:

 Spells                   Type           Power        Failure   Level  Hunger
 Animate Skeleton         Necr           N/A          28%         1    ##.....
 Apportation              Tloc           #.....       28%         1    ##.....
 Confusing Touch          Hex            #.....       28%         1    ##.....
 Summon Small Mammal      Summ           #...         28%         1    ##.....
 Poisonous Vapours        Pois/Air       #.....       41%         2    ###....
 Conjure Flame            Conj/Fire      #.......     65%         3    ####...
 Mephitic Cloud           Conj/Pois/Air  #.......     65%         3    ####...
 Freezing Cloud           Conj/Ice/Air   #.........   100%        6    #######
 Ring of Flames           Chrm/Fire      #.........   100%        7    #######


Dungeon Overview and Level Annotations

Branches:
Dungeon (13/15)            Temple (1/1) D:4            Lair (0/6) D:8
    Orc (0/2) D:9
 Vaults: D:13-14

Altars:
Ashenzari
Cheibriados
Dithmenos
Elyvilon
Fedhas
Gozag
Hepliaklqana
Kikubaaqudgha
Makhleb
Nemelex Xobeh
Okawaru
Qazlal
Ru
Sif Muna
Trog
Uskayaw
Vehumet
Wu Jian
Xom
Yredelemnul
Zin
The Shining One
Beogh


Innate Abilities, Weirdness & Mutations

You cannot be hasted, slowed, berserked, paralysed or teleported.
You can dig through walls and to a lower floor.
Your four strong arms can wield two-handed weapons with a shield.
You have a pair of large antennae on your head. (SInv)


Message History

The wraith hits you!
* * * LOW HITPOINT WARNING * * *
You feel better.
The freezing wraith hits you but does no damage.
You block the freezing wraith's attack.
The death knight offers itself to Yredelemnul, and fills with unholy energy.
You block the wraith's attack. The wraith misses you.
You barely miss the freezing wraith.
The freezing wraith is moderately damaged.
You block the freezing wraith's attack. x2
The death knight hits you but does no damage.
The wraith closely misses you. The wraith barely misses you.
You hit the freezing wraith.
The freezing wraith is heavily damaged.
The freezing wraith hits you.
* * * LOW HITPOINT WARNING * * *
The freezing wraith freezes you. You resist.
* * * LOW HITPOINT WARNING * * *
The freezing wraith hits you!
You die...

#. #. . #.## ..
#... ####... ...
...'. #†#Wp##...
...###.@W..'....
.......W#.##....
..####..........
........########
...####..# {
.........#
######.## {
...###.#######
.......>......#


You could see a death knight, a freezing wraith and 2 wraiths.

Vanquished Creatures
  Erolcha (D:9)
  A hydra (D:12)
  Harold (D:7)
  A death knight (D:13)
  2 two-headed ogres
  Erica (D:10)
  Urug (D:10)
  A skeletal warrior (D:13)
  An unseen horror (D:11)
  Pikel (D:8)
  2 phantasmal warriors (D:13)
  2 deep elf magi (D:12)
  2 ugly things
  A cyclops (D:11)
  A manticore (D:13)
  A centaur zombie (D:10)
  Psyche (D:9)
  2 gargoyles
  A tengu conjurer (D:13)
  A troll (D:11)
  A freezing wraith (D:13)
  3 hippogriffs
  A meliai zombie (D:12)
  A yak (D:7)
  A wraith (D:13)
  A wyvern (D:12)
  A human (D:7)
  3 hogs (D:7)
  Grum (D:8)
  3 vampire mosquitoes (D:12)
  An acid dragon (D:13)
  Duvessa (D:7)
  3 porcupines (D:8)
  A water moccasin (D:6)
  A swamp drake (D:9)
  Purgy (D:3)
  3 ice beasts
  3 sky beasts
  4 black bears (D:8)
  5 orc warriors
  A necrophage (D:9)
  5 phantoms
  9 ogres
  An eye of draining (D:11)
  2 wolves (D:8)
  8 centaurs
  The ghost of Esekla the Stinger, an amateur FoWn of Elyvilon (D:3)
  A crocodile (D:8)
  2 big kobolds
  9 bullfrogs
  2 wyvern zombies
  Dowan (D:7)
  A water moccasin zombie (D:6)
  4 scorpions
  10 wights
  4 killer bees (D:9)
  3 howler monkeys
  A bullfrog zombie (D:11)
  6 crimson imps
  A quasit (D:10)
  11 orc priests
  2 gnoll shamans (D:3)
  5 hounds
  A jelly (D:5)
  12 orc wizards
  3 centaur skeletons
  2 bullfrog skeletons
  4 iguanas
  Terence (D:3)
  7 worker ants
  Natasha (thrice) (D:3)
  2 hound zombies
  A hound skeleton (D:4)
  A worker ant zombie (D:8)
  57 gnolls
  10 adders
  6 shadow imps
  An ooze (D:2)
  3 adder zombies
  2 worms (D:2)
  4 dart slugs
  5 leopard geckos
  54 orcs
  8 giant cockroaches
  7 goblins
  7 hobgoblins
  23 jackals
  2 quokkas
  2 ball pythons
  5 bats
  6 frilled lizards
  10 kobolds
  A leopard gecko skeleton (D:8)
  2 leopard gecko zombies
  8 rats
414 creatures vanquished.

Vanquished Creatures (others)
  4 slaves (D:8)
  2 orc wizards (D:8)
  A quokka zombie (D:8)
  21 fungi (D:8)
  4 plants (D:8)
32 creatures vanquished.

Grand Total: 446 creatures vanquished

Notes
Turn   | Place    | Note
-------+----------+-------------------------------------------
     0 | D:1      | Arum the Formicid Fighter began the quest for the Orb.
     0 | D:1      | Reached XP level 1. HP: 18/18 MP: 1/1
    91 | D:1      | Reached XP level 2. HP: 22/24 MP: 2/2
   495 | D:2      | Reached XP level 3. HP: 30/30 MP: 3/3
   657 | D:2      | Reached skill level 4 in Fighting
   657 | D:2      | Reached XP level 4. HP: 33/37 MP: 4/4
  1223 | D:3      | Noticed Purgy
  1224 | D:3      | Noticed Natasha
  1245 | D:3      | Killed Purgy
  1245 | D:3      | Reached skill level 5 in Shields
  1245 | D:3      | Reached XP level 5. HP: 23/43 MP: 5/5
  1250 | D:3      | Killed Natasha
  1250 | D:3      | Reached XP level 6. HP: 17/49 MP: 6/6
  1306 | D:3      | Noticed Natasha
  1320 | D:3      | Killed Natasha
  1556 | D:3      | Identified the +6 chain mail "Eddaad" {+Blink Regen+ Str-3
                  | Int-5}
  1559 | D:3      | Noticed Esekla's ghost (amateur FoWn)
  1571 | D:3      | Found a runed translucent gate.
  1572 | D:3      | Found a runed translucent gate.
  1574 | D:3      | Found a runed translucent gate.
  1582 | D:3      | Found a roughly hewn altar of Beogh.
  1649 | D:3      | Reached skill level 5 in Fighting
  1813 | D:3      | Noticed Natasha
  1825 | D:3      | Killed Natasha
  1825 | D:3      | Reached XP level 7. HP: 36/56 MP: 7/7
  2139 | D:3      | Got a pair of spiked gloves
  2145 | D:3      | Identified the +3 pair of gloves of Indomitability {Int+3
                  | Stlth+} (You found it on level 3 of the Dungeon)
  2927 | D:3      | Reached skill level 6 in Fighting
  2927 | D:3      | Reached skill level 5 in Staves
  3054 | D:3      | Reached XP level 8. HP: 31/64 MP: 8/8
  3307 | D:3      | Noticed Terence
  3315 | D:3      | Killed Terence
  3452 | D:3      | Noticed a shadow
  3908 | D:3      | Killed Esekla's ghost
  4206 | D:4      | Reached skill level 7 in Fighting
  4241 | D:4      | Found a burning altar of Makhleb.
  4491 | D:4      | Found a staircase to the Ecumenical Temple.
  4500 | Temple   | Entered the Ecumenical Temple
  4508 | Temple   | Became a worshipper of Cheibriados the Contemplative
  4987 | D:5      | Entered Level 5 of the Dungeon
  5140 | D:5      | Reached XP level 9. HP: 71/72 MP: 9/9
  5193 | D:5      | Reached * piety under Cheibriados
  5467 | D:5      | Reached skill level 8 in Fighting
  5468 | D:5      | Found a shimmering altar of Xom.
  6020 | D:6      | Reached ** piety under Cheibriados
  6269 | D:6      | Found a sparkling altar of Nemelex Xobeh.
  6274 | D:6      | Found a bloodstained altar of Trog.
  6312 | D:6      | Found a white marble altar of Elyvilon.
  6604 | D:6      | Reached *** piety under Cheibriados
  6618 | D:6      | Reached XP level 10. HP: 60/82 MP: 10/10
  7042 | D:7      | Reached skill level 9 in Fighting
  7082 | D:7      | Noticed Harold
  7108 | D:7      | Killed Harold
  7108 | D:7      | Reached skill level 5 in Armour
  7108 | D:7      | Reached skill level 10 in Shields
  7420 | D:7      | Noticed Duvessa
  7421 | D:7      | Noticed Dowan
  7433 | D:7      | Killed Duvessa
  7433 | D:7      | Reached **** piety under Cheibriados
  7433 | D:7      | Reached skill level 1 in Invocations
  7446 | D:7      | Killed Dowan
  7870 | D:8      | Found a blossoming altar of Fedhas.
  7884 | D:8      | Reached skill level 10 in Fighting
  7897 | D:8      | Noticed Pikel
  7920 | D:8      | Killed Pikel
  7920 | D:8      | Reached XP level 11. HP: 77/90 MP: 13/13
  7951 | D:8      | Found the +4 skin of Zhor {Hibernate rC+++ SInv}
  8015 | D:8      | Found a staircase to the Lair.
  8044 | D:8      | Reached ***** piety under Cheibriados
  8268 | D:8      | Noticed a two-headed ogre
  8278 | D:8      | Killed a two-headed ogre
  8278 | D:8      | Reached skill level 5 in Invocations
  8608 | D:8      | Noticed Grum
  8627 | D:8      | Killed Grum
  8815 | D:9      | Found a staircase to the Orcish Mines.
  9138 | D:9      | Found Noofuf's Gadget Shop.
  9236 | D:9      | Noticed Psyche
  9243 | D:9      | Killed Psyche
  9642 | D:9      | Noticed Erolcha
  9648 | D:9      | Killed Erolcha
  9648 | D:9      | Reached skill level 11 in Fighting
  9648 | D:9      | Reached skill level 10 in Staves
  9898 | D:10     | Entered Level 10 of the Dungeon
  9898 | D:10     | Noticed Urug
  9916 | D:10     | Killed Urug
  9916 | D:10     | Reached XP level 12. HP: 88/100 MP: 16/16
 10172 | D:10     | Noticed Erica
 10205 | D:10     | Killed Erica
 11309 | D:11     | Noticed an unseen horror
 11321 | D:11     | Killed an unseen horror
 12215 | D:12     | Reached skill level 12 in Fighting
 12292 | D:12     | Noticed a five-headed hydra
 12300 | D:12     | Killed a five-headed hydra
 12702 | D:12     | Noticed a two-headed ogre
 12717 | D:12     | Killed a two-headed ogre
 12717 | D:12     | Reached XP level 13. HP: 86/108 MP: 19/19
 13310 | D:13     | Reached skill level 10 in Armour
 13713 | D:13     | HP: 5/109 [wraith[a death knight] (10)]
 13716 | D:13     | Slain by a freezing wraith

Levels and vault maps discovered:
D:1:      wheals_arrival_shading, layout_rooms, minmay_pentomino_o2
D:2:      layout_basic
D:3:      lemuel_castle_with_subvaults [lemuel_castle_interior_original],
          layout_rooms, biasface_ghost_orc_armoury,
          chequers_serial_rivers_micro_e, uniq_terence, uniq_purgy, uniq_natasha
D:4:      layout_loops_corners, lemuel_doored_altar,
          minmay_temple_entry_junction_2, chequers_decorated_corner, st_stairs_9
D:5:      layout_basic, first_ration, basic_altar, serial_curves,
          eino_curves_03, eino_curves_01
D:6:      layout_loops_cross, minitemple, elyvilon_altar_1
D:7:      layout_basic, grunt_livestock, item_on_display_a, uniq_duvessa,
          uniq_harold
D:8:      layout_cave_pools, nicolae_overflow_crystal_walls,
          due_lair_maze_entry_diamond, minmay_misc_feat_plants, chequers_avenue,
          uniq_grum, uniq_pikel
D:9:      layout_loops_ring, erik_orc_1, serial_shops, nicolae_shop_statue_plus,
          uniq_erolcha, uniq_psyche
D:10:     layout_cross, uniq_erica, uniq_urug
D:11:     layout_cave_pods
D:12:     layout_cave_pools, billiards_dpeg
D:13:     minmay_box_of_curves, layout_basic, serial_shops,
          kennysheep_little_box, ploomutoo_gammafunk_ghost_potion_laboratory
Temple:   nicolae_temple_no_exploring_needed

Skill      XL: |  1  2  3  4  5  6  7  8  9 10 11 12 13 |
---------------+----------------------------------------+-----
Shields        | 4 5 6 8 9 10 | 10.2
Fighting       | 4 5 6 7 8 10 11 12 | 12.6
Staves         | 3 4 5 6 7 9 10 11 | 11.5
Armour         | 6 8 9 10 | 10.3
Invocations    | 3 6 8 9 |  9.6

Action                   |  1- 3 |  4- 6 |  7- 9 | 10-12 | 13-15 || total
-------------------------+-------+-------+-------+-------+-------++-------
Melee: Quarterstaff      |    85 |   136 |   614 |   698 |   117 ||  1650
Throw: Throwing net      |       |       |       |       |     1 ||     1
Invok: Slouch            |       |       |       |     9 |     1 ||    10
       Bend Time         |       |       |       |       |     1 ||     1
 Abil: Dig               |       |     1 |     6 |     4 |       ||    11
  Use: Potion            |       |     1 |       |       |     9 ||    10
       Scroll            |       |       |     2 |    16 |       ||    18
 Stab: Confused          |       |       |       |     1 |       ||     1
       Held in net/web   |       |       |       |       |     2 ||     2
  Eat: Chunk             |       |     3 |    15 |    13 |     1 ||    32
Armor: Scale mail        |    34 |    52 |   222 |   198 |    29 ||   535
Dodge: Dodged            |    31 |    28 |   196 |   196 |    41 ||   492
Block: Shield            |    41 |    70 |   374 |   500 |    82 ||  1067
